 Dungeon Crawl Stone Soup version 0.29.1-13-g9f3cf754e1 (webtiles) character file.

Game seed: 10151950568373420482

10278 javelincjr the Zephyrmancer (level 11, -32/82 HPs)
             Began as a Green Draconian Air Elementalist on Jan 26, 2023.
             Was a Priest of Sif Muna.
             Annihilated by an orc warrior
             ... wielding a +0 glaive
              (34 damage)
             ... on level 2 of the Orcish Mines.
             The game lasted 01:31:35 (13380 turns).

javelincjr the Zephyrmancer (DrAE)                 Turns: 13380, Time: 01:31:36

Health: -32/82     AC: 12    Str: 10    XL:     11   Next: 34%
Magic:  16/22      EV: 12    Int: 20    God:    Sif Muna [***...]
Gold:   2127       SH:  9    Dex: 17    Spells: 16/28 levels left

rFire   . . .      SeeInvis .   l - +5 mace (protect)
rCold   . . .      Faith    .   D - +0 kite shield
rNeg    . . .      Spirit   .   (body armour unavailable)
rPois   +          Reflect  .   u - +2 hat "Holaqad" {Dex+5}
rElec   .          Harm     .   (no cloak)
rCorr   .          Rampage  .   y - +2 pair of gloves
Will    .....                   (no boots)
Stlth   +++.......              C - amulet of regeneration
HPRegen 1.03/turn               (no ring)
MPRegen 0.18/turn               z - +4 ring of protection

@: corroded
A: breathe noxious fumes, AC +7, unfitting armour, poison resistance,
cold-blooded, fangs 1, low MP 1, mutation resistance 1
a: Breathe Noxious Fumes, Renounce Religion, Channel Magic, Forget Spell


You were on level 2 of the Orcish Mines.
You worshipped Sif Muna.
Sif Muna was most pleased with you.
You visited 3 branches of the dungeon, and saw 13 of its levels.

You collected 2127 gold pieces.

Inventory:

Hand Weapons
 d - a +2 short sword of draining
 h - a +1 dagger of holy wrath
 l - a +5 mace of protection (weapon)
 o - a +2 hand axe of freezing
 F - a +2 flail of holy wrath
Missiles
 f - 107 stones
 j - 5 datura-tipped darts
 t - 6 javelins
Armour
 q - a +1 buckler
 u - the +2 hat "Holaqad" (worn) {Dex+5}
   (You found it on level 8 of the Dungeon)

   Dex:       It affects your dexterity (+5).
 y - a +2 pair of gloves (worn)
 D - a +0 kite shield (worn)
Magical Staves
 v - a staff of conjuration
Jewellery
 z - a +4 ring of protection (right hand)
 B - an amulet of guardian spirit
 C - an amulet of regeneration (around neck)
Wands
 x - a wand of mindburst (10)
 A - a wand of flame (29)
 G - a wand of charming (8)
Scrolls
 c - 2 scrolls of teleportation
 e - 3 scrolls of identify
 g - 3 scrolls of butterflies
 i - 2 scrolls of magic mapping
 p - 5 scrolls of fear
 s - a scroll of enchant armour
Potions
 a - 4 potions of magic
 b - 2 potions of haste
 k - 2 potions of heal wounds
 m - 3 potions of brilliance
 n - 3 potions of curing
 r - 2 potions of invisibility
 w - 4 potions of flight
 E - 2 potions of resistance
 H - a potion of berserk rage


   Skills:
 + Level 3.2 Fighting
 + Level 5.0 Maces & Flails
 + Level 3.7 Dodging
 + Level 4.0 Stealth
 + Level 2.8 Shields
 + Level 9.4 Spellcasting
 + Level 5.6 Conjurations
 + Level 9.7 Air Magic
 + Level 6.8 Poison Magic


You had 16 spell levels left.
You knew the following spells:

 Your Spells              Type           Power      Damage    Failure   Level
a - Shock                 Conj/Air       100%       1d9       1%          1
b - Poisonous Vapours     Pois/Air       84%        N/A       1%          2
c - Static Discharge      Conj/Air       40%        3-8/arc   1%          2
d - Swiftness             Air            48%        N/A       1%          3
e - Airstrike             Air            24%        2d(4-20)  4%          4

Your spell library contained the following spells:

 Spells                   Type           Power      Damage    Failure   Level
 Foxfire                  Conj/Fire      80%        2x1d8     8%          1
 Conjure Flame            Conj/Fire      20%        6-21      22%         3
 Corpse Rot               Necr/Pois/Air  31%        N/A       24%         4
 Inner Flame              Hex/Fire       9%         N/A       56%         3
 Flame Wave               Conj/Fire      20%        2d7       58%         4
 Fireball                 Conj/Fire      10%        3d6       90%         5
 Starburst                Conj/Fire      10%        6d5       100%        6
 Ignition                 Fire           4%         3d4       100%        8


Dungeon Overview and Level Annotations

Branches:
Dungeon (10/15)            Temple (1/1) D:7            Lair (0/5) D:10
    Orc (2/2) D:10
    Elf: Orc:2

Altars:
Ashenzari
Cheibriados
Dithmenos
Elyvilon
Fedhas
Gozag
Hepliaklqana
Kikubaaqudgha
Makhleb
Nemelex Xobeh
Okawaru
Qazlal
Ru
Sif Muna
Trog
Uskayaw
Vehumet
Wu Jian
Xom
Yredelemnul
Zin
The Shining One

Shops:
D:5 *   D:7 !

Portals:
Trove: D:10 (give 8 potions of haste)


Innate Abilities, Weirdness & Mutations

You can breathe blasts of noxious fumes.
Your lurid green scales are hard. (AC +7)
You cannot fit into any form of body armour.
Your system is resistant to poisons. (rPois)
You are cold-blooded and may be slowed by cold attacks.
You have very sharp teeth.
Your magical capacity is low. (-10% MP)
You are somewhat resistant to further mutation.


Message History

Poisonous vapours surround the orc sorcerer!
The orc sorcerer is poisoned.
The orc sorcerer shouts!
The orc sorcerer gestures wildly while chanting.
An orc warlord comes into view. It is wielding a +2 dire flail.
The orc warlord shouts!
Casting: Poisonous Vapours (safe; 1% risk of failure)
Confirm with . or Enter, or press ? or * to list all spells.
Aiming: Poisonous Vapours (safe; 1% risk of failure)
Press: ? - help, Dir - move target, f - orc warlord
Aim: an orc warlord, wielding a +2 dire flail and wearing a +0 chain mail Poisonous vapours surround the orc warlord!
The orc warlord is poisoned.
You hear a shout!
An orc sorcerer comes into view.
It is wielding a +0 dagger and wearing a +1 robe of willpower.
The orc sorcerer gestures wildly while chanting.
The orc sorcerer gestures at you while chanting.
You suddenly lose the ability to move!
The sixfirhy hits you but does no damage.
The orc warlord roars a battlecry!
The orcs go into a battle-frenzy!
The orc sorcerer casts a spell.
You hear a shout!
The orc warrior hits you from afar with a +0 glaive!
The orc sorcerer gestures at you while chanting.
The bolt of fire misses you. The sixfirhy hits you. The sixfirhy shocks you!
The rust devil hits you! The rust devil corrodes you!
You can move again.
You block the sixfirhy's attack. The sixfirhy hits you.
The sixfirhy shocks you! The sixfirhy hits you! The sixfirhy shocks you!
* * * LOW HITPOINT WARNING * * *
There is a stone staircase leading up, spattered with blood here.
The sixfirhy hits you.
* * * LOW HITPOINT WARNING * * *
The sixfirhy shocks you!
* * * LOW HITPOINT WARNING * * *
You block the sixfirhy's attack.
The sixfirhy hits you but does no damage.
The orc warrior hits you from afar with a +0 glaive!!
You die...

...##...........
..#.............
.#......o.......
.......$o.......
.....#..4o......
........o.......
........oo......
.......43.4.....
........@.......
................
.....##..#......
.#.## ...##.....
## #...# ..#.#
..### .# # ≈..
## #≈≈≈


You could see an orc warlord (very poisoned), 2 ice devils, a rust devil
(summoned), a sixfirhy (summoned), 3 orc sorcerers and 2 orc warriors.

Vanquished Creatures
  A vault guard (D:10)
  2 two-headed ogres (D:10)
  An orc sorcerer (Orc:2)
  A cyclops (Orc:1)
  An unseen horror (D:10)
  2 trolls
  Sigmund (D:5)
  A shadow (D:9)
  4 yaks (D:10)
  4 vampire mosquitoes (D:10)
  3 steam dragons (D:8)
  2 acid dragons (D:8)
  A warg (Orc:1)
  2 water moccasins
  Duvessa (D:6)
  12 orc warriors
  A black bear (D:5)
  3 ogres
  A sky beast (D:6)
  3 centaurs
  3 phantoms
  4 kobold brigands
  Blork the orc (D:5)
  2 bullfrogs
  3 necrophages
  2 scorpions
  7 wights
  Dowan (D:6)
  4 howler monkeys
  5 crimson imps
  2 hounds
  4 jellies (D:8)
  8 orc priests
  9 orc wizards
  7 iguanas
  Natasha (thrice) (D:3)
  3 gnolls (D:6)
  10 adders
  An ufetubus (D:5)
  2 worms (D:2)
  5 dart slugs
  51 orcs
  5 ball pythons
  3 bats
  7 endoplasms
  4 giant cockroaches
  2 goblins
  3 hobgoblins
  2 jackals (D:1)
  A quokka (D:2)
  4 frilled lizards
  22 kobolds
  9 rats
246 creatures vanquished.

Vanquished Creatures (others)
  15 fungi
  7 plants (D:8)
22 creatures vanquished.

Grand Total: 268 creatures vanquished

Notes
Turn   | Place    | Note
-------+----------+-------------------------------------------
     0 | D:1      | javelincjr the Draconian Air Elementalist began the quest
                  | for the Orb.
     0 | D:1      | Reached XP level 1. HP: 14/14 MP: 3/3
   180 | D:1      | Reached XP level 2. HP: 15/20 MP: 0/5
   821 | D:1      | Learned a level 2 spell: Poisonous Vapours
   824 | D:1      | Learned a level 2 spell: Static Discharge
  1069 | D:2      | Found a shadowy altar of Dithmenos.
  1249 | D:2      | Reached XP level 3. HP: 26/26 MP: 1/6
  1295 | D:2      | Found a faded altar of an unknown god.
  1817 | D:2      | Reached skill level 1 in Poison Magic
  2127 | D:2      | You fall into a shaft and drop 1 floor!
  2141 | D:3      | Reached XP level 4. HP: 33/33 MP: 5/8
  2144 | D:3      | Found a shadowy altar of Dithmenos.
  2149 | D:3      | Noticed Natasha
  2185 | D:3      | Killed Natasha
  2210 | D:3      | Noticed Natasha
  2215 | D:3      | Killed Natasha
  2623 | D:3      | Noticed Natasha
  2639 | D:3      | HP: 1/33 [Natasha (4)]
  2640 | D:3      | Killed Natasha
  2641 | D:3      | Reached XP level 5. HP: 1/38 MP: 0/9
  2821 | D:3      | Reached skill level 1 in Maces & Flails
  3718 | D:4      | Reached skill level 1 in Fighting
  3914 | D:4      | Reached XP level 6. HP: 48/48 MP: 0/10
  4435 | D:5      | Entered Level 5 of the Dungeon
  4507 | D:5      | Learned a level 3 spell: Swiftness
  4528 | D:5      | Noticed Blork the orc
  4626 | D:5      | Found a white marble altar of Elyvilon.
  4669 | D:5      | Noticed a water moccasin
  4673 | D:5      | Killed a water moccasin
  4674 | D:5      | Your scales start taking on a lurid green colour.
  4674 | D:5      | Reached XP level 7. HP: 42/55 MP: 4/12
  4674 | D:5      | Gained mutation: Your system is resistant to poisons.
                  | (rPois) [Green Draconian growth]
  4814 | D:5      | Noticed a troll
  4815 | D:5      | Noticed Sigmund
  4828 | D:5      | Killed a troll
  4829 | D:5      | Reached skill level 5 in Air Magic
  4867 | D:5      | Killed Sigmund
  5067 | D:5      | Found Nelayclocw's Serpentskin Sales.
  5102 | D:5      | Reached XP level 8. HP: 61/61 MP: 14/14
  5277 | D:5      | Killed Blork the orc
  5578 | D:6      | Reached skill level 5 in Spellcasting
  5648 | D:6      | Found a broken altar of Ashenzari.
  5741 | D:6      | Reached skill level 5 in Poison Magic
  5836 | D:6      | Found a burning altar of Makhleb.
  6058 | D:6      | Found a shimmering blue altar of Sif Muna.
  6080 | D:6      | Became a worshipper of Sif Muna the Loreminder
  6220 | D:6      | Noticed Dowan
  6222 | D:6      | Noticed Duvessa
  6232 | D:6      | Killed Dowan
  6233 | D:6      | Reached XP level 9. HP: 68/68 MP: 9/17
  6234 | D:6      | Killed Duvessa
  6445 | D:6      | Learned a level 4 spell: Airstrike
  6461 | D:6      | Reached skill level 1 in Shields
  6976 | D:7      | Found Ythrowip's Distillery.
  7327 | D:7      | Found a staircase to the Ecumenical Temple.
  7336 | Temple   | Entered the Ecumenical Temple
  7553 | D:7      | Found a glowing golden altar of the Shining One.
  7616 | D:7      | Found a hazy altar of Hepliaklqana.
  7891 | D:7      | Found a runed translucent door.
  7894 | D:7      | Found a basalt altar of Yredelemnul.
  8123 | D:7      | Identified the +1 robe of Starshine {-Tele rF+ Int+2}
  8239 | D:8      | Found a transporter.
  8289 | D:8      | Reached * piety under Sif Muna
  8667 | D:8      | Found a transporter.
  8874 | D:8      | Found a shimmering altar of Xom.
  9245 | D:8      | Reached XP level 10. HP: 42/77 MP: 3/20
  9454 | D:8      | Identified the +2 hat "Holaqad" {Dex+5}
 10538 | D:9      | Gained mutation: Your magical capacity is low. (-10% MP)
                  | [potion of mutation]
 10538 | D:9      | Gained mutation: You have very sharp teeth. [potion of
                  | mutation]
 10538 | D:9      | Gained mutation: You are somewhat resistant to further
                  | mutation. [potion of mutation]
 10541 | D:10     | Entered Level 10 of the Dungeon
 10547 | D:10     | Noticed a two-headed ogre
 10653 | D:10     | Noticed a two-headed ogre
 10667 | D:10     | Killed a two-headed ogre
 10668 | D:10     | Reached skill level 5 in Conjurations
 10989 | D:10     | Found a sacrificial altar of Ru.
 10991 | D:10     | Identified the +0 robe "Urche" {rCorr}
 11032 | D:10     | Identified a scroll of acquirement
 11032 | D:10     | Acquired 1193 gold pieces
 11192 | D:10     | Found a staircase to the Lair.
 11220 | D:10     | Reached ** piety under Sif Muna
 11896 | D:10     | Killed a two-headed ogre
 12014 | D:10     | Noticed a vault guard
 12015 | D:10     | Killed a vault guard
 12016 | D:10     | Reached XP level 11. HP: 82/82 MP: 21/21
 12025 | D:10     | Found a portal to a secret trove of treasure.
 12313 | D:10     | Found a staircase to the Orcish Mines.
 12328 | Orc:1    | Entered Level 1 of the Orcish Mines
 12759 | Orc:1    | Reached skill level 5 in Maces & Flails
 12976 | Orc:2    | Entered Level 2 of the Orcish Mines
 13140 | Orc:2    | Reached *** piety under Sif Muna
 13140 | Orc:2    | Noticed an orc high priest
 13284 | Orc:2    | Noticed an orc sorcerer
 13287 | Orc:2    | Noticed a soul eater
 13295 | Orc:2    | Killed an orc sorcerer
 13295 | Orc:2    | Noticed a sixfirhy
 13367 | Orc:2    | Noticed an orc sorcerer
 13369 | Orc:2    | Noticed an orc sorcerer
 13370 | Orc:2    | Noticed an orc warlord
 13371 | Orc:2    | Noticed an orc sorcerer
 13373 | Orc:2    | Noticed a sixfirhy
 13375 | Orc:2    | Paralysed by an orc sorcerer for 4 turns
 13380 | Orc:2    | HP: 2/82 [sixfirhy[an orc sorcerer] (12)]
 13380 | Orc:2    | Annihilated by an orc warrior

Illustrated notes

Levels and vault maps discovered:
D:1:      lightli_arrival_quake, layout_rooms, minmay_pentomino_z2
D:2:      layout_basic, basic_altar, hellmonk_ecumenical_altar_prayer_group,
          minmay_diced_spiral
D:3:      layout_loops_corners, mainiacjoe_overflow_cross_hatched, uniq_natasha
D:4:      layout_cave_pools
D:5:      layout_gridville, elyvilon_altar_4, guppyfry_shop_venom,
          uniq_blork_the_orc, uniq_sigmund
D:6:      layout_basic, mainiacjoe_overflow_catwalk, ashenzari_altar_1,
          makhleb_grotto_becter, uniq_duvessa
D:7:      layout_loops_ring, nicolae_tso_swordbearing_angel,
          mainiacjoe_overflow_surrounded_room, dk_yredelemnul_ordeal,
          temple_hall, serial_shops, shop
D:8:      gammafunk_cloud_chamber, layout_basic, led_xom_imps,
          serial_bayou_pond_c, nicolae_figureground_pulse
D:9:      layout_gridville
D:10:     layout_gridville, lemuel_doored_altar, lair_entry_dummy, david_orc_4,
          enter_trove_5
Temple:   hellmonk_temple_forest_ring
Orc:1:    layout_diamond_mine, serial_shops, nicolae_shop_behind_doors
Orc:2:    grunt_orc_gardens, layout_caves, grunt_orc_garden, grunt_orc_garden,
          grunt_orc_garden, grunt_orc_garden, special_room,
          nicolae_orc_bridge_out, nicolae_orc_flooded_monolith

Skill      XL: |  1  2  3  4  5  6  7  8  9 10 11 |
---------------+----------------------------------+-----
Poison Magic   | 1 2 4 5 6 |  6.8
Spellcasting   | 3 4 5 7 8 9 |  9.4
Air Magic      | 4 5 6 7 9 |  9.7
Maces & Flails | 1 2 4 5 |  5.0
Fighting       | 2 3 |  3.2
Conjurations   | 2 3 4 5 |  5.6
Stealth        | 2 3 4 |  4.0
Dodging        | 2 3 |  3.7
Shields        | 1 2 |  2.8

Action                   |  1- 3 |  4- 6 |  7- 9 | 10-12 || total
-------------------------+-------+-------+-------+-------++-------
Melee: Dagger            |    28 |       |       |       ||    28
       Tailslap          |     4 |     7 |    17 |    13 ||    41
       Mace              |    23 |    38 |    97 |    77 ||   235
       Staff             |       |       |    20 |       ||    20
       Bite              |       |       |       |     4 ||     4
 Cast: Shock             |    47 |    44 |    64 |    42 ||   197
       Poisonous Vapours |    23 |    16 |    39 |    63 ||   141
       Static Discharge  |       |    10 |    39 |    26 ||    75
       Airstrike         |       |       |    11 |    41 ||    52
       Swiftness         |       |       |     3 |     2 ||     5
 Abil: Breathe Noxious F |       |       |    21 |    21 ||    42
  Use: Scroll            |       |    11 |     5 |     4 ||    20
       Potion            |       |     8 |     2 |     1 ||    11
 Stab: Sleeping          |     1 |     3 |     3 |       ||     7
       Confused          |       |       |     2 |     2 ||     4
Armor: Skin              |    24 |    17 |    65 |   101 ||   207
Dodge: Dodged            |    49 |    24 |    66 |    39 ||   178
Block: Buckler           |     2 |     2 |    20 |       ||    24
       Kite shield       |       |       |     9 |    40 ||    49
